Unix xNetHack Version 8.0.0 - last build Jan 14 2024 16:46:22 (be4d3c81716514284228e1a23197c27ddb32b841). Game began 2024-02-27 11:28:13, ended 2024-02-27 11:30:28. nmlkj, chaotic male human Wizard -- |.----- ...... ......--- ----.---...-------- |......--...@hG|..| - |.---......---.f..-- . |.| |-.............-- |. |.| |..........%....---- |.-|.| |-...!.............| ..|.|--..................| -.|.||...................| |.<.||...............|..-- |..----............------ |..| -............| ---- ..............- |................ |................. ---.|.....|.......>. ----.|.---..|.--.- ----- ------ -- Nmlkj the Evoker St:10 Dx:15 Co:15 In:15 Wi:9 Ch:11 Chaotic S:258 Dlvl:3 $:22 HP:0(20) Pw:7(12) AC:9 Xp:2/34 T:511 Latest messages: You miss the sewer rat. The sewer rat bites! The kitten misses the sewer rat. In what direction? l The spell misses the sewer rat. The kitten bites the sewer rat. The sewer rat is killed! You swap places with your kitten. The fox bites! You swap places with your kitten. The kitten bites the fox. The fox is killed! You see here 56 rocks. You swap places with your kitten. $ - 10 gold pieces {0} (22 in total). You descend the stairs. The kitten picks up a yellowish brown gem. The gnome lord throws 2 darts! You are hit by the 1st dart. You are hit by the 2nd dart. The kitten bites the gnome lord. The gnome lord punches the kitten. The kitten misses the gnome. The dwarf drinks a cyan potion! Suddenly you cannot see the dwarf. The hobbit wields a dagger! The kitten misses the gnome. The kitten bites the gnome. The gnome punches the kitten. The kitten misses the gnome. You are hit by a dagger. The kitten misses the gnome. The kitten misses the gnome. In what direction? h The spell hits the gnome! You kill the gnome! A ruby potion shatters! The spell hits the gnome! You kill the gnome! The kitten bites the gnome. The gnome is killed! The gnome lord picks up 2 gems. The gnome picks up a dagger. The gnome lord throws a dart! You are hit by a dart. The hobbit picks up a dart. You don't have enough energy to cast that spell. The hobbit thrusts his dagger. The hobbit stabs you! You die... Inventory: Inventory: 341/675 weight (18/52 slots) Coins $ - 22 gold pieces {1} Weapons a - a blessed +1 quarterstaff (weapon in hands) {40} Armor b - an uncursed +0 cloak of magic resistance (being worn) {8} Comestibles h - an uncursed cream pie {10} j - an uncursed food ration {20} m - an uncursed orange {2} q - an uncursed lichen corpse {20} Scrolls l - a blessed scroll of destroy armor {5} p - an uncursed scroll of identify {5} o - an uncursed scroll of light {5} Spellbooks f - an uncursed spellbook of confuse monster {40} e - an uncursed spellbook of detect monsters {45} c - a blessed spellbook of force bolt {35} d - a blessed spellbook of magic missile {40} Potions r - an uncursed potion of confusion {20} n - an uncursed potion of sickness {20} g - an uncursed potion of water {20} Rings k - an uncursed -1 ring of gain constitution {3} i - an uncursed ring of teleport control {3} Nmlkj the Wizard's attributes: Background: You were an Evoker, a level 2 male human Wizard. You were chaotic, on a mission for Anhur who was opposed by Ptah (lawful) and Thoth (neutral). You were heterosexual. You were in the Gnomish Mines, on level 3. You entered the dungeon 511 turns ago. You had 34 experience points, 6 more were needed to attain level 3. Your score was 258 before end-of-game adjustments. Basics: You had 0 out of 20 hit points. You had 7 out of 12 energy points (spell power). Your armor class was 9. Your wallet contained 22 zorkmids. Autopickup was on for '$' plus thrown. Final Characteristics: Your strength was 10 (limit:18/100). Your dexterity was 15 (limit:18). Your constitution was 15 (limit:18). Your intelligence was 15 (limit:18). Your wisdom was 9 (limit:18). Your charisma was 11 (limit:18). Final Status: You were not hungry. You were unencumbered. You were wielding a quarterstaff. You had basic skill with quarterstaff. Final Attributes: You were fervently aligned. You were magic-protected. You were warded. You are dead. Miscellaneous: You disabled loading of bones levels. Total elapsed playing time was 2 minutes and 15 seconds. Major events: Turn 1: nmlkj the chaotic male human Wizard entered the dungeon 481: entered the Gnomish Mines 511: killed by a hobbit Vanquished creatures: 3 gnomes 4 jackals 2 foxes a kobold 3 sewer rats 5 grid bugs a lichen a newt 20 creatures vanquished. No species were genocided or became extinct. Voluntary challenges: You were an atheist. You were illiterate. You never genocided any monsters. You never polymorphed an object. You never changed form. You never touched an artifact. You used no wishes. You never scared an enemy with impunity. You were celibate. You never generated conflict. Achievement: You entered the Gnomish Mines. Dungeon overview: The Dungeons of Doom: levels 1 to 3 Level 1: Some fountains. Level 2: A fountain, a sink. Stairs down to The Gnomish Mines. Level 3: The Gnomish Mines: Level 3: <- You were here. Final resting place for you, killed by a hobbit. Game over: __________ / \ / REST \ / IN \ / PEACE \ / \ | nmlkj | | 22 Au | | killed by a | | hobbit | | | | | | 2024 | *| * * * | * _________)/\\_//(\/(/\)/\//\/|_)_______ Goodbye nmlkj the Wizard... You died in The Gnomish Mines on dungeon level 3 with 256 points, and 22 pieces of gold, after 511 moves. You were level 2 with a maximum of 20 hit points when you died.